 Dungeon Crawl Stone Soup version 0.17.1-1-g73c8601 (webtiles) character file.

632 Runnr the Covered (level 7, 0/66 HPs)
             Began as a Deep Dwarf Fighter on Dec 26, 2015.
             Succumbed to a wasp's poison
             ... on level 6 of the Dungeon.
             The game lasted 00:11:15 (3959 turns).

Runnr the Covered (Deep Dwarf Fighter)              Turns: 3959, Time: 00:11:16

Health: 0/66       AC:  8    Str: 27    XL:     7   Next: 24%
Magic:  8/8        EV:  8    Int:  8    God:
Gold:   191        SH: 10    Dex: 12    Spells: 0 memorised, 6 levels left

rFire  . . .     SeeInvis .     a - +0 war axe
rCold  . . .     Clarity  .     b - +0 scale mail
rNeg   . . .     SustAt   .     c - +0 shield
rPois  .         Gourm    .     (no helmet)
rElec  .         Spirit   .     i - +0 cloak
rCorr  .         Warding  .     (no gloves)
rMut   +         Stasis   .     (no boots)
MR     +....                    m - amulet of resist mutation
Stlth  ..........               (no ring)
                                (no ring)

@: mighty, lethally poisoned (0 -> -7), non-regenerating, slowed, very slow,
somewhat resistant to hostile enchantments, extremely unstealthy
A: damage resistance, recharge devices, sense surroundings 1, slow regeneration
3
a: Device Recharging


You were on level 6 of the Dungeon.
You were not hungry.

You visited 2 branches of the dungeon, and saw 7 of its levels.

You collected 191 gold pieces.

Inventory:

Hand Weapons
 a - a +0 war axe (weapon)
Armour
 b - a +0 scale mail (worn)
 c - a +0 shield (worn)
 i - a +0 cloak (worn)
Jewellery
 m - an amulet of resist mutation (around neck)
Wands
 e - a wand of heal wounds (0)
 x - a wand of flame (21)
 y - a wand of digging (12)
 C - a wand of slowing (28)
Scrolls
 j - 2 scrolls of enchant armour {unknown}
 l - 2 scrolls of fog {unknown}
 n - 2 scrolls of magic mapping {unknown}
 p - 3 scrolls of fear {unknown}
 q - 2 scrolls of identify {unknown}
 t - a scroll of random uselessness {unknown}
 u - 3 scrolls of remove curse {unknown}
 z - a scroll of teleportation {unknown}
 B - a scroll of enchant weapon {unknown}
Potions
 h - 2 potions of haste {unknown}
 k - a potion of cure mutation {unknown}
 o - a potion of poison {unknown}
 w - a potion of ambrosia {unknown}
 A - a potion of magic {unknown}
Comestibles
 f - 5 bread rations
 g - a royal jelly
 r - 2 meat rations
 s - 5 fruits
 v - 3 chunks of flesh


   Skills:
 + Level 4.4 Fighting
 + Level 4.7 Axes
 + Level 5.2 Armour
 + Level 5.1 Shields
 + Level 2.1 Evocations


You had 6 spell levels left.
You didn't know any spells.

Dungeon Overview and Level Annotations

Branches:
Dungeon (6/15)             Temple (1/1) D:5

Altars:
Ashenzari
Fedhas
Gozag
Kikubaaqudgha
Nemelex Xobeh
Qazlal
Ru
Trog
Xom
Zin

Shops:
D:4 (


Innate Abilities, Weirdness & Mutations

You are resistant to damage.
You can recharge devices by infusing magical energy.
You passively map a small area around you.
You do not regenerate naturally.


Message History

The wasp stings you.
* * * LOW HITPOINT WARNING * * *
You are lethally poisoned!
You feel as though you will be slow longer.
You barely miss the wasp.
The wasp is severely wounded.
* * * LOW HITPOINT WARNING * * *
You feel very sick. The wasp stings you.
You feel as though you will be slow longer.
The wasp stings you but does no damage. x2
You slash the wasp!
You kill the wasp!
Your Evocations skill increases to level 2!
* * * LOW HITPOINT WARNING * * *
You feel very sick. The quokka barely misses you.
You slash the quokka!
You kill the quokka!
You die...

.# #...#.# * ##
####.## ** #.# +#
#.# #.# * #.# #.#
#.# ##.## * #.#
##...##
#.######(....######
#.....@†....#......
########...........
* #.#.##......
#.#......... *
#.#.r#......,
####.#*###.. , #..
, ,, , #... ####
#...,**


There were no monsters in sight!

Vanquished Creatures
  A wasp (D:6)
  A centaur (D:5)
  A giant frog (D:6)
  A scorpion (D:6)
  A jelly (D:6)
  A giant frog zombie (D:5)
  2 hounds
  2 worker ants
  An orc wizard (D:5)
  4 adders
  A gnoll (D:1)
  An ooze (D:1)
  An adder skeleton (D:4)
  A worm (D:2)
  4 giant geckos
  8 orcs
  5 hobgoblins
  11 jackals
  9 kobolds
  4 quokkas
  3 ball pythons
  10 bats
  7 giant cockroaches
  3 giant newts
  5 goblins
  A quokka zombie (D:5)
  27 rats
116 creatures vanquished.

Vanquished Creatures (others)
  A wizard (D:4)
1 creature vanquished.

Grand Total: 117 creatures vanquished

Notes
Turn   | Place    | Note
--------------------------------------------------------------
     0 | D:1      | Runnr the Deep Dwarf Fighter began the quest for the Orb.
     0 | D:1      | Reached XP level 1. HP: 20/20 MP: 1/1
    87 | D:1      | Reached XP level 2. HP: 27/27 MP: 2/2
   298 | D:1      | Reached XP level 3. HP: 20/34 MP: 3/3
   566 | D:2      | Found a shattered altar of Ashenzari.
   715 | D:2      | Reached XP level 4. HP: 39/42 MP: 4/4
   986 | D:2      | Reached skill level 4 in Armour
  1162 | D:2      | Found a glowing silver altar of Zin.
  1710 | D:3      | Found a faded altar to an unknown god.
  2035 | D:4      | Found Molo's Antique Weapon Boutique.
  2055 | D:4      | Reached XP level 5. HP: 35/49 MP: 5/5
  2414 | D:4      | Noticed an ogre
  2612 | D:4      | Found a bloodstained altar of Trog.
  2614 | D:4      | Noticed a wizard
  2619 | D:4      | Killed a wizard
  2829 | D:5      | Entered Level 5 of the Dungeon
  2878 | D:5      | Found a blossoming altar of Fedhas.
  2949 | D:5      | Noticed an ogre
  2995 | D:5      | Noticed a centaur
  3004 | D:5      | Killed a centaur
  3004 | D:5      | Reached XP level 6. HP: 9/57 MP: 6/6
  3099 | D:5      | Found a staircase to the Ecumenical Temple.
  3108 | Temple   | Entered the Ecumenical Temple
  3470 | D:6      | Found an ancient bone altar of Kikubaaqudgha.
  3471 | D:6      | Found a sacrificial altar of Ru.
  3534 | D:6      | Reached skill level 1 in Evocations
  3647 | D:6      | Found a stormy altar of Qazlal.
  3724 | D:6      | Reached skill level 5 in Armour
  3927 | D:6      | Reached skill level 5 in Shields
  3927 | D:6      | Reached XP level 7. HP: 6/66 MP: 8/8
  3943 | D:6      | Paralysed by a wasp for 1 turns
  3946 | D:6      | Paralysed by a wasp for 3 turns
  3952 | D:6      | Paralysed by a wasp for 3 turns
  3959 | D:6      | Succumbed to a wasp's poison

Action                   |  1- 3 |  4- 6 |  7- 9 || total
-------------------------+-------+-------+-------++-------
Melee: War axe           |   141 |   250 |     9 ||   400
Evoke: Wand              |     1 |     1 |     4 ||     6
  Use: Potion            |       |       |     1 ||     1
  Eat: Chunk             |       |     8 |     1 ||     9
       Pizza             |       |     1 |       ||     1
